 Dungeon Crawl Stone Soup version 0.30.1-4-g462c640d31 (webtiles) character file.

Game seed: 10853589888586227274

42407 PhantomBowie the Fighter (level 14, -4/138 HPs)
             Began as a Gargoyle Berserker on Aug 7, 2023.
             Was a High Priest of Trog.
             Slain by Rupert
             ... wielding a +2 heavy triple sword
              (12 damage)
             ... on level 1 of the Orcish Mines on Aug 13, 2023.
             The game lasted 00:49:09 (15282 turns).

PhantomBowie the Fighter (Gargoyle Berserker)      Turns: 15282, Time: 00:49:09

Health: -4/138     AC: 34    Str: 30    XL:     14   Next: 19%
Magic:  14/14      EV: 12    Int: 10    God:    Trog [*****.]
Gold:   1779       SH:  0    Dex:  9    Spells: 13/13 levels left

rFire   . . .        L - +6 great mace (flame)
rCold   . . .        (shield currently unavailable)
rNeg    + . .        G - +4 chain mail
rPois   ∞            J - +0 helmet
rElec   +            r - +0 cloak
rCorr   .            k - +0 pair of gloves
SInv    .            N - +1 pair of boots
Will    ++...        E - amulet of regeneration
Stlth   x              - +6 ring of strength
HPRegen 1.23/turn    a - ring of willpower
MPRegen 0.14/turn

%: no passive effects
@: berserking, flying, very quick
A: sickness immunity, AC +10, big wings, negative energy resistance 1,
electricity resistance, torment resistance 1, petrification resistance
a: Renounce Religion, Berserk, Trog's Hand, Brothers in Arms


You were on level 1 of the Orcish Mines.
You worshipped Trog.
Trog was extremely pleased with you.
You visited 4 branches of the dungeon, and saw 18 of its levels.

You collected 1809 gold pieces.
You spent 30 gold pieces at shops.

Inventory:

Hand Weapons
 l - a +2 morningstar of protection
 L - a +6 great mace of flaming (weapon)
 S - the +8 whip "Snakebite" {venom, curare, rPois}
   (You found it on level 3 of the Lair of Beasts)

   rPois:     It protects you from poison.
Missiles
 y - 6 throwing nets (quivered)
Armour
 k - a +0 pair of gloves (worn)
 r - a +0 cloak (worn)
 G - a +4 chain mail (worn)
 J - a +0 helmet (worn)
 N - a +1 pair of boots (worn)
 X - a +0 buckler
Jewellery
 a - a ring of willpower (right hand)
 i - a +4 ring of protection
 w - a ring of protection from cold
 x - a +6 ring of strength (left hand)
 E - an amulet of regeneration (around neck)
 I - a +5 ring of evasion
 V - a ring of willpower
Wands
 t - a wand of light (7)
 A - a wand of paralysis (5)
 M - a wand of flame (8)
 T - a wand of roots (3)
 U - a wand of digging (6)
Scrolls
 b - 4 scrolls of vulnerability
 e - 3 scrolls of enchant armour {unknown}
 h - 3 scrolls of noise
 j - 3 scrolls of teleportation
 m - 2 scrolls of magic mapping {unknown}
 o - 3 scrolls of poison {unknown}
 p - 4 scrolls of blinking
 q - 4 scrolls of immolation
 B - 5 scrolls of fear
 F - 3 scrolls of brand weapon
 H - a scroll of acquirement {unknown}
 K - a scroll of fog {unknown}
 O - 2 scrolls of enchant weapon {unknown}
 W - a scroll of identify
Potions
 c - 4 potions of haste {unknown}
 d - 2 potions of brilliance {unknown}
 f - a potion of magic {unknown}
 g - 4 potions of might
 n - a potion of cancellation {unknown}
 s - 6 potions of heal wounds
 u - 6 potions of curing
 v - 3 potions of attraction
 z - 6 potions of lignification
 C - a potion of resistance {unknown}
 D - 3 potions of invisibility
 Q - 3 potions of mutation {unknown}
 Y - a potion of flight {unknown}
Miscellaneous
 P - a phantom mirror
 R - a lightning rod (4/4)


   Skills:
 + Level 12.8 Fighting
 + Level 11.8 Maces & Flails
 + Level 12.6 Armour
 + Level 9.8 Dodging
 + Level 3.9 Shields
 - Level 8.0 Evocations


You had 13 spell levels left.
You didn't know any spells.
Your spell library was empty.

Dungeon Overview and Level Annotations

Branches:
Dungeon (10/15)            Temple (1/1) D:5            Lair (5/5) D:8
 Shoals (0/4) Lair:2        Snake (0/4) Lair:2        Slime (0/5) Lair:5
    Orc (2/2) D:10
    Elf: Orc:2

Altars:
Ashenzari
Cheibriados
Dithmenos
Elyvilon
Fedhas
Gozag
Hepliaklqana
Kikubaaqudgha
Makhleb
Nemelex Xobeh
Okawaru
Qazlal
Ru
Sif Muna
Trog
Uskayaw
Vehumet
Wu Jian
Xom
Yredelemnul
Zin
The Shining One
Jiyva

Shops:
Orc:2 ?(

Annotations:
Orc:1 Rupert


Innate Abilities, Weirdness & Mutations

You are immune to sickness and miasma.
Your stone body is resilient. (AC +10)
You are immune to poison.
Your large and strong wings let you fly.
You resist negative energy. (rN+)
You are resistant to electric shocks. (rElec)
You are resistant to unholy torment.
You are immune to petrification.


Message History

There is a stone staircase leading down here.
You see here a +3 heavy double sword.
You bludgeon the orc!! You burn the orc.
You kill the orc!
Trog accepts your kill.
Rupert roars madly and goes into a rage!
Rupert goes berserk!
You closely miss Rupert.
Rupert hits you with a +2 heavy triple sword!!!
Rupert hits you but does no damage.
You sock Rupert! You burn Rupert.
Rupert is lightly wounded.
Rupert hits you with a +2 heavy triple sword!!
* * * LOW HITPOINT WARNING * * *
You thump Rupert! You burn Rupert.
Rupert is lightly wounded.
Rupert hits you with a +2 heavy triple sword!
* * * LOW HITPOINT WARNING * * *
You bludgeon Rupert!! You burn Rupert!
Rupert is moderately wounded.
Rupert closely misses you.
A red film seems to cover your vision as you go berserk!
You feel yourself moving faster!
You feel mighty!
Rupert hits you with a +2 heavy triple sword.
* * * LOW HITPOINT WARNING * * *
You beat Rupert like a drum!!!
You burn Rupert!
Rupert is severely wounded.
Rupert misses you.
You completely miss Rupert.
Rupert is heavily wounded.
You barely miss Rupert.
Rupert is heavily wounded.
Rupert barely misses you.
You hammer Rupert like a gong!!! You burn Rupert!
Rupert is almost dead.
Rupert hits you but does no damage.
You closely miss Rupert.
Rupert is almost dead.
Rupert hits you with a +2 heavy triple sword!
You die...

###.....##......##
###.......##.......##
.#....#...#.........#
.....#...#..........##
.#.......#.........#.##
###.....###...........#
###...#....#........##
##..................#
#.........[.<@)....##
##.#..#.....)[@....##
#####........#.....#
##.............#
##.............##
#..............#
##...........#.##
#.............##
##........##.##


You could see Rupert (berserk).

Vanquished Creatures
  Harold (D:9)
  6 hydras
  A death knight (D:10)
  2 centaur warriors (D:10)
  A boulder beetle (Lair:5)
  A two-headed ogre (D:8)
  A death yak (Lair:5)
  Erica (D:9)
  An orc high priest (Orc:2)
  A skyshark (Lair:3)
  An orc knight (Orc:2)
  A lindwurm (Lair:4)
  A guardian serpent (Lair:2)
  6 elephants (Lair:1)
  Maggie (D:6)
  A gargoyle (D:10)
  A water nymph (Lair:2)
  4 black mambas
  2 cane toads
  2 torpor snails
  5 rime drakes
  6 komodo dragons
  An unseen horror zombie (D:8)
  7 polar bears
  A troll (Orc:2)
  4 hornets
  11 blink frogs
  3 dream sheep (Lair:5)
  12 spriggans (Lair:5)
  2 shadows
  Sigmund (D:6)
  31 yaks
  3 wyverns
  Grum (D:9)
  3 basilisks
  2 steam dragons
  Menkaure (D:7)
  9 water moccasins
  An ice beast (D:8)
  5 orc warriors
  2 sky beasts
  5 black bears
  2 ogres
  5 centaurs
  4 boggarts (Lair:5)
  30 wolves
  3 phantoms
  A kobold brigand (D:10)
  Blork the orc (D:6)
  11 bullfrogs
  2 gnoll sergeants
  5 scorpions
  A wyvern zombie (D:8)
  17 wights
  16 killer bees
  3 howler monkeys
  An electric eel (D:8)
  A centaur zombie (D:8)
  2 jellies
  2 gnoll boudas
  3 hounds
  3 orc priests (D:6)
  4 iguanas
  2 sleepcaps
  Ijyb (D:5)
  6 orc wizards
  Terence (D:2)
  5 howler monkey zombies (D:8)
  13 gnolls
  12 adders
  A shadow imp (D:8)
  2 white imps
  3 worms
  A dart slug (D:1)
  19 orcs
  5 ball pythons
  7 endoplasms
  5 giant cockroaches
  9 hobgoblins
  5 jackals
  10 kobolds
  2 quokkas
  13 bats
  2 frilled lizards (D:1)
  2 goblins
  7 rats
402 creatures vanquished.

Notes
Turn   | Place    | Note
-------+----------+-------------------------------------------
     0 | D:1      | PhantomBowie the Gargoyle Berserker began the quest for the
                  | Orb.
     0 | D:1      | Reached XP level 1. HP: 14/14 MP: 1/1
   217 | D:1      | Reached XP level 2. HP: 19/19 MP: 2/2
   236 | D:1      | Found a faded altar of an unknown god.
   606 | D:1      | Reached ** piety under Trog
   607 | D:1      | Reached XP level 3. HP: 24/24 MP: 3/3
   945 | D:2      | Noticed Terence
   958 | D:2      | Killed Terence
  1116 | D:2      | Reached XP level 4. HP: 29/29 MP: 4/4
  1776 | D:3      | Reached XP level 5. HP: 28/33 MP: 5/5
  2003 | D:3      | Reached *** piety under Trog
  2133 | D:3      | Reached XP level 6. HP: 39/39 MP: 6/6
  2192 | D:3      | Found a sacrificial altar of Ru.
  2728 | D:4      | Noticed a sky beast
  2734 | D:4      | Killed a sky beast
  2735 | D:4      | Reached skill level 5 in Fighting
  2969 | D:4      | Identified the +7 falchion of the Building King {elec, rC+
                  | Dex+5}
  3143 | D:4      | Reached XP level 7. HP: 30/44 MP: 7/7
  3426 | D:5      | Entered Level 5 of the Dungeon
  3426 | D:5      | Found a staircase to the Ecumenical Temple.
  3437 | Temple   | Entered the Ecumenical Temple
  3674 | D:5      | Reached skill level 5 in Maces & Flails
  3703 | D:5      | Reached skill level 5 in Armour
  3786 | D:5      | Noticed Ijyb
  3795 | D:5      | Reached XP level 8. HP: 45/51 MP: 8/8
  3795 | D:5      | Paralysed by Ijyb for 5 turns
  3804 | D:5      | Killed Ijyb
  4109 | D:5      | Reached **** piety under Trog
  4381 | D:6      | Noticed Blork the orc
  4388 | D:6      | Killed Blork the orc
  4410 | D:6      | Noticed Sigmund
  4605 | D:6      | Noticed Maggie
  4648 | D:6      | HP: 1/52 [Maggie/+1 halberd of flaming (2)]
  4653 | D:6      | Killed Maggie
  4729 | D:6      | Reached XP level 9. HP: 42/56 MP: 9/9
  4791 | D:6      | Reached skill level 5 in Dodging
  4887 | D:6      | Killed Sigmund
  5760 | D:7      | Reached skill level 1 in Evocations
  5797 | D:7      | Noticed Menkaure
  5807 | D:7      | Killed Menkaure
  5848 | D:7      | Found a glowing silver altar of Zin.
  6053 | D:7      | Noticed a hornet
  6064 | D:7      | Killed a hornet
  6075 | D:6      | Noticed a rust devil
  6075 | D:6      | Noticed a rust devil
  6090 | D:7      | Reached XP level 10. HP: 64/64 MP: 10/10
  6175 | D:7      | Found a white marble altar of Elyvilon.
  6727 | D:8      | Noticed a two-headed ogre
  6745 | D:8      | Killed a two-headed ogre
  6864 | D:8      | Found an iron altar of Okawaru.
  6866 | D:8      | Found a hazy altar of Hepliaklqana.
  6866 | D:8      | Found a snail-covered altar of Cheibriados.
  6867 | D:8      | Found a burning altar of Makhleb.
  6867 | D:8      | Found a sparkling altar of Nemelex Xobeh.
  6942 | D:8      | Reached ***** piety under Trog
  7174 | D:8      | Found a staircase to the Lair.
  7376 | D:9      | Noticed Harold
  7387 | D:9      | Killed Harold
  7388 | D:9      | Reached XP level 11. HP: 35/71 MP: 11/11
  7432 | D:9      | Noticed Grum
  7432 | D:9      | Noticed Erica
  7483 | D:9      | Received a gift from Trog
  7804 | D:9      | Killed Erica
  7894 | D:9      | Killed Grum
  8254 | D:10     | Entered Level 10 of the Dungeon
  8329 | D:10     | Noticed a centaur warrior
  8330 | D:10     | Noticed a centaur warrior
  8341 | D:10     | Killed a centaur warrior
  8342 | D:10     | Reached skill level 10 in Fighting
  8342 | D:10     | Reached skill level 5 in Evocations
  8353 | D:10     | Noticed a death knight
  8365 | D:10     | Killed a death knight
  8408 | D:10     | Killed a centaur warrior
  8820 | D:10     | Found a glowing golden altar of the Shining One.
  8898 | D:10     | Reached skill level 10 in Armour
  8978 | D:10     | Found a staircase to the Orcish Mines.
  9020 | D:10     | Found a hide-covered altar of Uskayaw.
  9191 | Lair:1   | Entered Level 1 of the Lair of Beasts
  9209 | Lair:1   | Reached XP level 12. HP: 78/78 MP: 12/12
  9692 | Lair:1   | Reached skill level 10 in Maces & Flails
 10236 | Lair:2   | Received a gift from Trog
 10291 | Lair:2   | Found a staircase to the Shoals.
 10355 | Lair:2   | Found a staircase to the Snake Pit.
 11004 | Lair:3   | Identified the amulet "Zeowoq" {Acrobat rPois}
 11121 | Lair:3   | Found the +8 whip "Snakebite" {venom, curare, rPois}
 11204 | Lair:3   | Noticed a skyshark
 11210 | Lair:3   | Killed a skyshark
 11268 | Lair:3   | You fall into a shaft and drop 2 floors!
 11268 | Lair:5   | Entered Level 5 of the Lair of Beasts
 11342 | Lair:5   | Noticed an eight-headed hydra
 11349 | Lair:5   | Killed an eight-headed hydra
 11350 | Lair:5   | Reached XP level 13. HP: 34/84 MP: 13/13
 12209 | Lair:3   | Found a runed translucent door.
 13198 | Lair:5   | Found a staircase to the Slime Pits.
 13198 | Lair:5   | Found a viscous altar of Jiyva.
 13242 | Lair:5   | Received a gift from Trog
 13425 | Lair:5   | Reached skill level 1 in Shields
 14000 | Lair:5   | Gained mutation: Your large and strong wings let you fly.
                  | [Gargoyle growth]
 14000 | Lair:5   | Reached XP level 14. HP: 89/92 MP: 14/14
 14862 | Orc:1    | Entered Level 1 of the Orcish Mines
 14863 | Orc:1    | Upgraded the game from 0.30.1-3-gfc49f6343a to
                  | 0.30.1-4-g462c640d31
 14979 | Orc:2    | Entered Level 2 of the Orcish Mines
 15050 | Orc:2    | Found Falack's Magic Scroll Boutique.
 15055 | Orc:2    | Bought a scroll of teleportation for 30 gold pieces
 15162 | Orc:2    | Found Mish's Antique Weapon Boutique.
 15237 | Orc:2    | Noticed Rupert
 15265 | Orc:1    | Received a gift from Trog
 15275 | Orc:1    | HP: 2/92 [Rupert/+2 heavy triple sword (16)]
 15282 | Orc:1    | Slain by Rupert

Illustrated notes

Levels and vault maps discovered:
D:1:      psy_arrival_basics, layout_basic, hellmonk_ecumenical_altar_crossroads
D:2:      layout_loops_ring, chequers_serial_rivers_small_a, uniq_terence
D:3:      layout_rooms, mainiacjoe_overflow_alcove_4, hangedman_glass_teeth
D:4:      layout_loops_corners, grunt_ministairs_7
D:5:      layout_loops_ring, temple_statues, uniq_ijyb
D:6:      cheibrodos_iron_armory, layout_cave_pods, uniq_sigmund, uniq_maggie,
          uniq_blork_the_orc
D:7:      layout_basic, kennysheep_mini, zin_academy, serial_rivers,
          chequers_serial_rivers_micro_a, chequers_serial_rivers_large_b,
          chequers_serial_rivers_micro_d, chequers_serial_rivers_small_b,
          chequers_serial_rivers_small_a, uniq_menkaure
D:8:      layout_cave_pools, grunt_temple_overflow_open,
          grunt_lair_entry_orc_guard_hut, serial_undead, serial_undead_f,
          serial_undead_d, serial_undead_f, serial_undead_f, serial_undead_d,
          serial_undead_a, serial_undead_f, grunt_ministairs_15
D:9:      layout_irregular_city, minmay_misc_feat_secret_circle, uniq_grum,
          uniq_harold, uniq_erica
D:10:     minmay_chambers_of_sixes, layout_loops_ring,
          nicolae_uskayaw_dance_studio, nicolae_tso_swordbearing_angel
Temple:   hc_temple_tempest_star
Lair:1:   layout_regular_city
Lair:2:   layout_cave_pods, nicolae_shoals_entry_flooding,
          minmay_snake_entry_spellcaster
Lair:3:   minmay_guarded_unrand_snakebite, layout_regular_city, pf_torpor_hydra
Lair:4:   layout_regular_city
Lair:5:   minmay_lair_end_enchanted_forest, layout_small_grid, slime_entry_1,
          minivault_24, serial_bayou_crossing
Orc:1:    layout_caves
Orc:2:    st_orc_pillars, layout_caves, gauntlet_entry_generic, serial_shops,
          nicolae_shop_hallway_plus, nicolae_shop_drivethru,
          nicolae_shop_back_alley_shop, shop, nicolae_shop_statue_plus,
          statue_in_the_mist_lemuel, uniq_rupert

Skill      XL: |  1  2  3  4  5  6  7  8  9 10 11 12 13 |
---------------+----------------------------------------+-----
Dodging        | 2 3 4 5 6 7 8 9 |  9.8
Armour         | 3 4 5 6 7 9 10 11 12 | 12.6
Fighting       | 4 5 6 8 9 10 11 12 | 12.8
Maces & Flails | 4 5 6 7 8 9 10 11 | 11.8
Evocations     | 2 4 5 7 8 |  8.0
Shields        | 3 |  3.9

Action                     |  1- 3 |  4- 6 |  7- 9 | 10-12 | 13-15 || total
---------------------------+-------+-------+-------+-------+-------++-------
  Melee: Mace              |    76 |       |       |       |       ||    76
         Morningstar       |    26 |   236 |   263 |   208 |       ||   733
         Punch             |       |     4 |     5 |     4 |       ||    13
         Great mace        |       |       |       |   379 |   451 ||   830
 Invoke: Berserk           |     1 |       |       |     2 |     2 ||     5
  Evoke: Wand              |       |       |       |     1 |       ||     1
    Use: Scroll            |       |       |     1 |    12 |     1 ||    14
 Armour: Animal skin       |    16 |       |       |       |       ||    16
         Scale mail        |    39 |       |       |       |       ||    39
         Chain mail        |    30 |   168 |   197 |   645 |   474 ||  1514
  Dodge: Dodged            |    69 |   138 |   153 |   502 |   349 ||  1211
